 Dungeon Crawl Stone Soup version 0.32-a0-520-g344ed53f66 (console) character file.

Game seed: 10167405765182465997

9283 zenocrate the Cleaver (level 11, -2/133 HPs)
             Began as a Minotaur Chaos Knight on Feb 27, 2024.
             Was a Plaything of Xom.
             Slain by a komodo dragon (11 damage)
             ... while petrified by a basilisk
             ... on level 2 of the Lair of Beasts.
             The game lasted 00:26:45 (10000 turns).

zenocrate the Cleaver (Minotaur Chaos Knight)      Turns: 10000, Time: 00:26:45

Health: -2/133     AC: 29    Str: 24      XL:     11   Next: 21%
Magic:  19/19      EV:  2    Int:  7 (8)  God:    Xom [.....*]
Gold:   593        SH:  0    Dex: 10      Spells: 10/10 levels left

rFire   . . .        a - +0 battleaxe
rCold   . . .        (shield currently unavailable)
rNeg    + + +        E - melded +9 plate armour of the Ditch-Digger {Dex+2 Stlth+}
rPois   ∞            (helmet currently unavailable)
rElec   .            (cloak currently unavailable)
rCorr   .            c - melded +2 pair of gloves
SInv    .            h - melded +1 pair of boots
Will    .....        q - amulet of magic regeneration
Stlth   ++           t - ring of magical power
HPRegen 0.42/turn    A - +4 ring of protection
MPRegen 0.56/turn

%: no passive effects
@: tree-form, petrified
A: stationary, stasis, torment immunity, boosted hp, (horns 2), (retaliatory
headbutt), (iridescent scales 1), deterioration 1, frail 1, strong 1
a: Renounce Religion


You were on level 2 of the Lair of Beasts.
You worshipped Xom.
You were Xom's teddy bear.
You were a tree.
You visited 3 branches of the dungeon, and saw 12 of its levels.
You also visited: Ossuary.

You collected 593 gold pieces.

Inventory:

Hand Weapons
 a - a +0 battleaxe (weapon)
 b - a +0 war axe of venom
Missiles
 j - 5 atropa-tipped darts
 p - 11 boomerangs
 x - 12 poisoned darts (quivered)
Armour
 c - a +2 pair of gloves (melded)
 h - a +1 pair of boots (melded)
 E - the +9 plate armour of the Ditch-Digger (melded) {Dex+2 Stlth+}
   (You found it on level 6 of the Dungeon)

   Dex+2:     It affects your dexterity (+2).
   Stlth+:    It makes you more stealthy.
 L - a +0 tower shield
Jewellery
 q - an amulet of magic regeneration (around neck)
 t - a ring of magical power (left branch)
 A - a +4 ring of protection (right branch)
Wands
 s - a wand of warping (31)
 z - a wand of paralysis (6)
 B - a wand of mindburst (17)
 I - a wand of light (9)
Scrolls
 e - 7 scrolls of teleportation
 f - 2 scrolls of poison {unknown}
 g - 2 scrolls of blinking
 i - 4 scrolls of revelation
 k - a scroll of fog {unknown}
 o - 2 scrolls of immolation
 r - 2 scrolls of enchant armour {unknown}
 y - 2 scrolls of fear {unknown}
 K - a scroll of amnesia {unknown}
 M - a scroll of brand weapon {unknown}
Potions
 d - a potion of resistance {unknown}
 l - a potion of might
 u - 3 potions of curing
 w - a potion of haste
 D - 2 potions of degeneration {unknown}
 J - 2 potions of attraction {unknown}


   Skills:
 - Level 9.7 Fighting
 + Level 14.2 Axes
 + Level 9.0 Armour
 - Level 1.1 Dodging
 - Level 1.4 Stealth
 + Level 4.1 Shields
 - Level 6.1 Evocations


You had 10 spell levels left.
You didn't know any spells.
Your spell library contained the following spells:

 Spells                   Type           Power      Damage    Failure   Level
 Shock                    Conj/Air       0%         1d3       43%         1
 Summon Small Mammal      Summ           0%         N/A       43%         1
 Mercury Vapours          Alch/Air       0%         N/A       56%         2
 Dazzling Flash           Conj/Hex       0%         N/A       80%         3
 Frozen Ramparts          Ice            0%         1d1       80%         3
 Inner Flame              Hex/Fire       0%         N/A       80%         3
 Mephitic Cloud           Conj/Alch/Air  0%         N/A       80%         3
 Summon Ice Beast         Ice/Summ       0%         N/A       80%         3
 Swiftness                Air            0%         N/A       80%         3
 Airstrike                Air            0%         2d(0-16)  99%         4
 Brom's Barrelling Bould  Conj/Erth      0%         2d3       99%         4
 Leda's Liquefaction      Alch/Erth      0%         N/A       99%         4
 Petrify                  Alch/Erth      0%         N/A       99%         4
 Curse of Agony           Necr           0%         N/A       100%        5
 Fireball                 Conj/Fire      0%         3d3       100%        5
 Freezing Cloud           Conj/Ice/Air   0%         6-21      100%        5
 Irradiate                Conj/Alch      0%         3d11      100%        5
 Iskenderun's Battlesphe  Conj           0%         2d6       100%        5
 Metabolic Englaciation   Hex/Ice        0%         N/A       100%        5
 Silence                  Hex/Air        0%         N/A       100%        5
 Summon Mana Viper        Hex/Summ       0%         N/A       100%        5
 Conjure Ball Lightning   Conj/Air       0%         3x3d6     100%        6
 Enfeeble                 Hex            0%         N/A       100%        7
 Monstrous Menagerie      Summ           0%         N/A       100%        7
 Orb of Destruction       Conj           0%         9d5       100%        7
 Disjunction              Tloc           0%         N/A       100%        8
 Ignition                 Fire           0%         3d3       100%        8


Dungeon Overview and Level Annotations

Branches:
Dungeon (9/15)             Temple (1/1) D:6            Lair (2/5) D:9
Ossuary (visited)
  Swamp: Lair:2-3    Shoals: Lair:2-3     Snake: Lair:2-3    Spider: Lair:2-3
    Orc: D:9-12

Altars:
Ashenzari
Cheibriados
Dithmenos
Elyvilon
Fedhas
Gozag
Hepliaklqana
Kikubaaqudgha
Makhleb
Nemelex Xobeh
Okawaru
Qazlal
Ru
Sif Muna
Trog
Uskayaw
Vehumet
Wu Jian
Xom
Yredelemnul
Zin
The Shining One

Shops:
D:7 [

Annotations:
D:8 1 runed translucent door


Innate Abilities, Weirdness & Mutations

You are a tree.
Your roots penetrate the ground, keeping you stationary.
You cannot be teleported.
You are immune to unholy pain and torment.
Your maximum health is greatly increased.
You are immune to poison.
Your equipment is partially melded.
((You have a pair of horns on your head.))
((You reflexively headbutt those who attack you in melee.))
((You are partially covered in iridescent scales. (AC +2)))
Your body sometimes deteriorates upon taking damage.
You are frail. (-10% HP)
Your muscles are strong. (Str +4, Int/Dex -1)


Message History

The cane toad stings you.
You have turned to stone.
The wyvern bites you but does no damage.
The komodo dragon bites you! The cane toad stings you!
The wyvern bites you but does no damage.
The cane toad stings you but does no damage.
The komodo dragon bites you but does no damage.
The wyvern bites you!
* * * LOW HITPOINT WARNING * * *
The basilisk gazes at you. The cane toad stings you.
* * * LOW HITPOINT WARNING * * *
The wyvern bites you.
* * * LOW HITPOINT WARNING * * *
The komodo dragon bites you!!
* * * LOW HITPOINT WARNING * * *
The basilisk bites you but does no damage.
The wyvern bites you but does no damage.
The cane toad barely misses you. The komodo dragon barely misses you.
The wyvern bites you but does no damage.
The cane toad stings you but does no damage.
The basilisk bites you but does no damage.
The wyvern bites you but does no damage.
The komodo dragon bites you!
* * * LOW HITPOINT WARNING * * *
The cane toad stings you!
* * * LOW HITPOINT WARNING * * *
The basilisk gazes at you. The wyvern completely misses you.
The cane toad stings you.
* * * LOW HITPOINT WARNING * * *
The komodo dragon bites you.
* * * LOW HITPOINT WARNING * * *
The wyvern bites you but does no damage.
The basilisk bites you but does no damage.
The wyvern barely misses you.
The cane toad stings you but does no damage.
The komodo dragon bites you!!
You die...
Xom snickers!

...................
...(...............
...................
.♣♣....♣♣♣♣♣....♣♣.
♣♣..♣ ♣..♣♣ ♣♣♣
♣♣♣♣♣♣♣♣♣ §≈≈.≈≈.≈≈
♣♣♣........
♣....≈...≈.
♣..F....≈♣≈
♣.P♣k...§≈♣
♣.l.l≈....#
♣...≈♣≈.§.§ ♣...♣♣♣
§♣P♣ ....♣ # #
.≈.♣. .≈≈≈≈≈ ......


You could see a komodo dragon, a cane toad, a basilisk and a wyvern.

Vanquished Creatures
  2 elephants
  A black mamba (Lair:1)
  A rime drake (Lair:1)
  2 komodo dragons
  Psyche (D:9)
  A hornet (D:7)
  A spriggan (D:3)
  A wyvern (D:9)
  Sigmund (D:3)
  A hog (shapeshifter) (Lair:1)
  15 yaks
  An acid dragon (D:9)
  3 water moccasins
  2 orc warriors (D:6)
  A sky beast (D:7)
  2 black bears
  2 ice beasts (D:6)
  A tengu (D:3)
  A wolf (Lair:2)
  A centaur (D:9)
  4 ogres
  A phantom (D:6)
  A kobold brigand (D:7)
  4 elf zombies (Ossuary)
  5 bullfrogs
  3 scorpions
  6 killer bees
  2 howler monkeys (D:9)
  4 hounds
  2 jellies
  5 orc priests
  2 human zombies (Ossuary)
  Jessica (D:2)
  4 iguanas
  Ijyb (D:3)
  Natasha (twice) (D:3)
  11 orc wizards
  2 crocodile zombies (Ossuary)
  A spectral hound (Ossuary)
  4 mummies (Ossuary)
  4 gnolls (D:2)
  9 adders
  3 hound simulacra (Ossuary)
  2 shadow imps
  A white imp (D:8)
  4 spectral adders (Ossuary)
  2 spectral gnolls (Ossuary)
  3 ribbon worms
  2 dart slugs
  3 adder simulacra (Ossuary)
  25 orcs
  9 bats
  6 endoplasms
  A giant cockroach (D:1)
  5 goblins
  2 hobgoblins (D:1)
  3 quokkas
  10 ball pythons
  8 frilled lizards
  2 gnoll simulacra (Ossuary)
  6 gnoll zombies (Ossuary)
  A goblin skeleton (D:8)
  A jackal skeleton (D:8)
  14 kobolds
  4 kobold zombies (Ossuary)
  6 orc zombies (Ossuary)
  4 rats
  2 spectral jackals (Ossuary)
248 creatures vanquished.

Vanquished Creatures (collateral kills)
  A scorpion (D:7)
  An orc priest (D:5)
  An orc (D:5)
3 creatures vanquished.

Vanquished Creatures (others)
  An elephant (D:9)
  An elf zombie (Ossuary)
  An endoplasm (D:3)
3 creatures vanquished.

Grand Total: 254 creatures vanquished

Notes
Turn   | Place    | Note
-------+----------+-------------------------------------------
     0 | D:1      | zenocrate the Minotaur Chaos Knight began the quest for the
                  | Orb.
     0 | D:1      | Reached XP level 1. HP: 19/19 MP: 0/0
    83 | D:1      | Reached skill level 4 in Axes
   123 | D:1      | Reached XP level 2. HP: 26/26 MP: 1/1
   265 | D:1      | XOM: god gift: Xom's Catalogue of Big Damage {god gift}
   266 | D:1      | Got Xom's Catalogue of Big Damage {god gift}
   309 | D:1      | XOM: god gift: scroll labelled ETYUCHA OMAUX {god gift}
   416 | D:1      | Reached skill level 5 in Axes
   607 | D:1      | Reached XP level 3. HP: 31/31 MP: 2/2
   811 | D:2      | XOM: cloud trail
   878 | D:2      | Found a faded altar of an unknown god.
   883 | D:2      | Got Plato's Spellbook of Allies
   955 | D:2      | XOM: divination: magic mapping
   959 | D:2      | Reached skill level 6 in Axes
   959 | D:2      | Reached XP level 4. HP: 32/39 MP: 3/3
  1177 | D:2      | Noticed Jessica
  1184 | D:2      | XOM: noise
  1195 | D:2      | XOM: chaos upgrade
  1199 | D:2      | XOM: summons 3 hostile demons
  1199 | D:2      | XOM: butterfly on damage
  1200 | D:2      | Noticed a chaos spawn
  1202 | D:2      | XOM: noise
  1312 | D:2      | XOM: butterfly on damage
  1313 | D:2      | Killed Jessica
  1351 | D:2      | XOM: silly message
  1412 | D:3      | Noticed Ijyb
  1426 | D:3      | Killed Ijyb
  1427 | D:3      | Reached XP level 5. HP: 6/47 MP: 4/4
  1430 | D:3      | Found a white marble altar of Elyvilon.
  1430 | D:3      | XOM: 6-stop teleportation journey
  1786 | D:3      | Noticed Sigmund
  1787 | D:3      | Noticed Natasha
  1794 | D:3      | Killed Sigmund
  1795 | D:3      | Reached skill level 5 in Fighting
  1795 | D:3      | Reached skill level 7 in Axes
  1795 | D:3      | Reached XP level 6. HP: 41/56 MP: 5/5
  1796 | D:3      | Killed Natasha
  1918 | D:3      | a hobgoblin changed into a spriggan
  1918 | D:3      | Noticed a spriggan
  1918 | D:3      | XOM: polymorph hobgoblin -> spriggan
  1925 | D:3      | Killed a spriggan
  1973 | D:3      | Noticed Natasha
  1978 | D:3      | Killed Natasha
  1979 | D:3      | Reached skill level 8 in Axes
  1979 | D:3      | Reached XP level 7. HP: 57/64 MP: 6/6
  2146 | D:3      | XOM: silly message
  2277 | D:3      | Noticed Natasha
  2277 | D:3      | Natasha changed into Natasha the tengu
  2277 | D:3      | Noticed Natasha
  2277 | D:3      | XOM: polymorph Natasha -> Natasha the tengu
  2292 | D:3      | Killed Natasha the tengu
  2293 | D:3      | Reached skill level 1 in Stealth
  2304 | D:3      | XOM: summons 4 hostile demons
  2305 | D:3      | Noticed a red devil
  2322 | D:3      | XOM: divination: magic mapping
  2771 | D:4      | XOM: summons 4 hostile shadow creatures
  2914 | D:4      | Found a radiant altar of Vehumet.
  3017 | D:4      | XOM: silly message
  3028 | D:4      | Reached skill level 9 in Axes
  3265 | D:5      | Entered Level 5 of the Dungeon
  3278 | D:5      | Found a stormy altar of Qazlal.
  3342 | D:5      | XOM: summons friendly shadow imp
  3348 | D:5      | Reached XP level 8. HP: 74/74 MP: 7/7
  3467 | D:5      | XOM: smoke on damage
  3697 | D:5      | Found an ornate altar of the Wu Jian Council.
  3795 | D:5      | XOM: divination: magic mapping
  3829 | D:5      | Reached skill level 10 in Axes
  3999 | D:5      | XOM: divination: detect creatures
  4002 | D:5      | Found a sacrificial altar of Ru.
  4023 | D:6      | XOM: smoke on damage
  4042 | D:6      | XOM: 2-stop teleportation journey
  4062 | D:6      | XOM: torment (40/77 hp)
  4333 | D:6      | XOM: enchant monster (bad)
  4520 | D:6      | XOM: enchant monster (bad)
  4540 | D:6      | XOM: swap monsters
  4547 | D:6      | Reached skill level 11 in Axes
  4547 | D:6      | Reached XP level 9. HP: 32/85 MP: 8/8
  4560 | D:6      | Reached skill level 1 in Evocations
  4694 | D:6      | XOM: divination: detect creatures
  4820 | D:6      | XOM: cast spell 'Death Channel'
  4842 | D:6      | Found a staircase to the Ecumenical Temple.
  4867 | Temple   | Entered the Ecumenical Temple
  4878 | D:6      | Identified the +9 plate armour of the Ditch-Digger {Dex+2
                  | Stlth+}
  4921 | D:6      | XOM: give mutations
  4921 | D:6      | Gained mutation: Your spells are a little harder to cast,
                  | but a little more powerful. [Xom's mischief]
  4921 | D:6      | Gained mutation: You are partially covered in iridescent
                  | scales. (AC +2) [Xom's mischief]
  4921 | D:6      | Gained mutation: You are frail. (-10% HP) [Xom's mischief]
  5309 | D:7      | XOM: confusion (+ monsters)
  5310 | D:7      | Found Giagumas's Antique Armour Shop.
  5310 | D:7      | XOM: summons 9 friendly demons
  5320 | D:7      | XOM: polymorph quasit -> hellion
  5381 | D:7      | XOM: give mutations
  5381 | D:7      | Gained mutation: Your body sometimes deteriorates upon
                  | taking damage. [Xom's mischief]
  5381 | D:7      | Gained mutation: Your muscles are strong. (Str +4, Int/Dex
                  | -1) [Xom's mischief]
  5381 | D:7      | Lost mutation: Your spells are a little harder to cast, but
                  | a little more powerful. [Xom's mischief]
  5416 | D:7      | XOM: 4-stop teleportation journey
  5438 | D:7      | XOM: scenery: create altars
  5449 | D:7      | Found a sand-covered staircase.
  5464 | Ossuary  | Entered an ossuary
  5538 | Ossuary  | XOM: destruction
  5543 | Ossuary  | Reached skill level 12 in Axes
  5750 | D:7      | XOM: 1-stop teleportation journey
  5858 | D:7      | Found a hide-covered altar of Uskayaw.
  5916 | D:7      | XOM: scenery: 1 doors open
  5967 | D:7      | Reached skill level 5 in Armour
  6155 | D:7      | XOM: cloud trail
  6603 | D:8      | Found a broken altar of Ashenzari.
  6606 | D:8      | Found a runed translucent door.
  6669 | D:8      | Reached skill level 1 in Shields
  6669 | D:8      | Reached XP level 10. HP: 76/82 MP: 9/9
  6677 | D:8      | XOM: divination: magic mapping
  6832 | D:8      | XOM: 1-stop teleportation journey
  6888 | D:8      | Found a basalt altar of Yredelemnul.
  6958 | D:8      | XOM: noise
  6959 | D:8      | Reached skill level 13 in Axes
  7511 | D:9      | XOM: 3-stop teleportation journey
  7585 | D:9      | Noticed an elephant
  7585 | D:9      | XOM: enchant monster (good)
  7587 | D:9      | XOM: enchant monster (good)
  7588 | D:9      | Noticed an elephant
  7630 | D:8      | HP: 2/82 [killer bee (5)]
  7766 | D:8      | XOM: noise
  7867 | D:9      | Noticed Psyche
  7873 | D:9      | Killed Psyche
  7874 | D:9      | Reached skill level 5 in Evocations
  8001 | D:9      | XOM: enchant monster (good)
  8021 | D:9      | Killed an elephant
  8059 | D:9      | Found an ancient bone altar of Kikubaaqudgha.
  8132 | D:9      | Found a staircase to the Lair.
  8394 | Lair:1   | Entered Level 1 of the Lair of Beasts
  8966 | Lair:1   | XOM: scenery: create altars
  8999 | Lair:1   | Reached XP level 11. HP: 89/89 MP: 10/10
  9477 | Lair:1   | Reached skill level 14 in Axes
  9528 | Lair:1   | XOM: cleaving
  9530 | Lair:1   | XOM: polymorph yak -> shapeshifter
  9874 | Lair:1   | XOM: divination: detect items
  9976 | Lair:2   | Noticed a five-headed hydra
 10000 | Lair:2   | Slain by a komodo dragon

Illustrated notes

Levels and vault maps discovered:
D:1:      minmay_arrival_five_plusses, layout_basic, minmay_pentomino_u4
D:2:      layout_rooms, shapermc_ecumenical_altar_rom_forum, uniq_jessica
D:3:      layout_basic, nicolae_elyvilon_peaceful_grove,
          chequers_serial_rivers_room_a, minmay_shallow_snake_nest,
          uniq_natasha, uniq_ijyb, uniq_sigmund
D:4:      layout_cave_pools, mainiacjoe_overflow_alcove_1
D:5:      minmay_diamond_boxcup, layout_gridville,
          nicolae_qazlal_scattered_showers, nicolae_ru_path_of_blood,
          mainiacjoe_overflow_boulevard
D:6:      layout_loops_ring, minmay_temple_entry_wispy,
          minmay_a_box_with_orc_wizards_in_it
D:7:      layout_basic, mainiacjoe_overflow_surrounded_room, serial_shops,
          nicolae_shop_peninsula, enter_ossuary_2
D:8:      layout_gridville, ashenzari_altar_1, dk_yredelemnul_ordeal
D:9:      layout_roguey, lemuel_round_altar, grunt_lair_entry_orc_guard_hut,
          nicolae_figureground_sparkle, uniq_psyche
Temple:   nicolae_temple_ecumenical_triangle
Lair:1:   layout_layer_cave, columned_hall_lemuel
Lair:2:   regret_index_malice_mire, layout_regular_city,
          alex1729_swamp_entry_worm_eleionoma,
          nicolae_spider_entry_lesser_pyramids, grunt_megastairs_2

Skill      XL: |  1  2  3  4  5  6  7  8  9 10 11 |
---------------+----------------------------------+-----
Axes           | 4 5 6 7 8 9 11 12 13 14 | 14.2
Fighting       | 4 5 6 7 9 |  9.7
Stealth        | 1 |  1.4
Evocations     | 4 5 6 |  6.1
Armour         | 5 8 9 |  9.0
Shields        | 1 3 4 |  4.1
Dodging        | |  1.1

Action                     |  1- 3 |  4- 6 |  7- 9 | 10-12 || total
---------------------------+-------+-------+-------+-------++-------
  Melee: Hand axe          |    72 |    60 |   155 |       ||   287
         Headbutt          |     7 |     9 |    53 |    44 ||   113
         War axe           |       |       |    80 |       ||    80
         Battleaxe         |       |       |   130 |   157 ||   287
  Throw: Dart              |       |     7 |    10 |    17 ||    34
  Evoke: Wand              |       |       |     4 |     2 ||     6
    Use: Scroll            |       |     4 |     7 |     5 ||    16
         Potion            |       |     1 |       |     4 ||     5
   Stab: Paralysed         |       |       |     3 |     2 ||     5
 Armour: Leather armour    |    38 |     6 |       |       ||    44
         Scale mail        |       |    36 |   180 |       ||   216
         Plate armour      |       |       |   101 |   286 ||   387
         Skin              |       |       |       |    28 ||    28
  Dodge: Dodged            |    40 |    24 |   145 |    73 ||   282
         Repelled          |       |     1 |     1 |     1 ||     3

Table legend: (Time is in decaauts)
 A = Elapsed time spent in this place.
 B = Non-inter-level travel time spent in this place.
 C = Inter-level travel time spent in this place.
 D = Time resting spent in this place.
 E = Time spent auto-exploring this place.
 F = Levels seen in this place.
 G = Mean time per level.
                   A        B        C        D        E       F      G
               +--------+--------+--------+--------+--------+-----+--------+
         Total |  10004 |   9414 |    590 |    114 |   7571 |  13 |  769.5 |
       Dungeon |   8102 |   7551 |    551 |    114 |   5993 |   9 |  900.2 |
        Temple |      4 |      1 |      3 |      0 |      0 |   1 |    4.0 |
          Lair |   1608 |   1573 |     35 |      0 |   1435 |   2 |  804.0 |
       Ossuary |    289 |    289 |      0 |      0 |    143 |   1 |  289.0 |
               +--------+--------+--------+--------+--------+-----+--------+

Top non-repeatable levels by time:
  Lair:1: 1577 daAuts
     D:6: 1247 daAuts
     D:3: 1123 daAuts
     D:7: 1079 daAuts
     D:8: 873 daAuts
     D:9: 844 daAuts
     D:5: 789 daAuts
     D:1: 748 daAuts
     D:4: 721 daAuts
     D:2: 674 daAuts
 Ossuary: 289 daAuts
  Lair:2: 31 daAuts
  Temple: 4 daAuts
